 Dungeon Crawl Stone Soup version 0.29-a0-653-gd47aff6735 (webtiles) character file.

Game seed: 8558226785315584190

56 zeratav the Shooter (level 3, 0/17 HPs)
             Began as a Spriggan Arcane Marksman on June 21, 2022.
             Killed from afar by an orc wizard (4 damage)
             ... with a magic dart
             ... on level 2 of the Dungeon.
             The game lasted 00:02:10 (1452 turns).

zeratav the Shooter (Spriggan Arcane Marksman)      Turns: 1452, Time: 00:02:11

Health: 0/17       AC:  2    Str:  6    XL:     3   Next: 71%
Magic:  6/6        EV: 17    Int: 14    God:
Gold:   94         SH:  0    Dex: 17    Spells: 3/4 levels left

rFire   . . .      SeeInvis +   a - +0 shortbow {bow}
rCold   . . .      Faith    .   (shield currently unavailable)
rNeg    . . .      Spirit   .   b - +0 robe
rPois   .          Reflect  .   (helmet restricted)
rElec   .          Harm     .   (no cloak)
rCorr   .          Rampage  .   (gloves unavailable)
Will    .....                   (boots unavailable)
Stlth   ++........              (no amulet)
HPRegen 0.05/turn               (no ring)
MPRegen 0.10/turn               (no ring)

@: very quick
A: very small, no large weapons, unfitting armour, see invisible, speed 3
a: no special abilities


You were on level 2 of the Dungeon.
You visited 1 branch of the dungeon, and saw 2 of its levels.

You collected 94 gold pieces.


Innate Abilities, Weirdness & Mutations

You are very small and have problems with some larger weapons.
You are too small for most types of armour.
You have supernaturally acute eyesight. (SInv)
You cover ground extremely quickly. (Speed+++)


   Skills:
 - Level 0.7 Fighting
 + Level 5.0 Bows
 - Level 2.6 Dodging
 - Level 1.3 Spellcasting
 - Level 3.6 Hexes


You had 3 spell levels left.
You knew the following spells:

 Your Spells              Type           Power      Damage    Failure   Level
a - Slow                  Hex            44%        N/A       6%          1

Your spell library contained the following spells:

 Spells                   Type           Power      Damage    Failure   Level
 Inner Flame              Hex/Fire       6%         N/A       36%         3
 Portal Projectile        Hex/Tloc       12%        N/A       36%         3
 Cause Fear               Hex            5%         N/A       50%         4

Inventory:

Hand Weapons
 a - a +0 shortbow (weapon) {bow}
Armour
 b - a +0 robe (worn)
Scrolls
 c - a scroll of vulnerability {!r!r}
 d - 3 scrolls of identify {unknown}
 e - a scroll of enchant armour {unknown}
 f - a scroll of blinking {unknown}
 g - a scroll of noise {unknown}
 h - 2 scrolls of fog {unknown}
 k - a scroll of amnesia {unknown}
Potions
 i - a potion of brilliance {unknown}
 j - a potion of resistance {unknown}

Dungeon Overview and Level Annotations

Branches:
Dungeon (2/15) Zot: 10967

Altars:

Shops:
D:1

( #.# #.###.##.# # ... #.###.....
#.# #.# #.....##.# ##'## #.#
#..#####.# ##...## #.# #..#####.#
##.....## ##.# #........#
#.......######..##### ##.##.####
.........##.........#####.#...###
......)..'...o..@..(....†........
....)o...##.#...###.#####.#...###
........###.#...# #.# #.##.##
.........##.##.####.# #.####
..###...............# #.# ...
###....###.###### #.# ....
###...##.# #.#### ..... ###.##.#
#....# #.....###......# ####.#


You could see an orc wizard (invisible).


Message History

You shoot an arrow. The arrow hits the frilled lizard!
You kill the frilled lizard!
No target in view!
You open the door.
There is an open door here.
You open the door.
An endoplasm comes into view.
There is an open door here.
You shoot an arrow. The endoplasm quivers.
The arrow hits the endoplasm!
You kill the endoplasm!
No target in view!
No target in view!
You now have 94 gold pieces (gained 7).
You see here a bat corpse.
You see here 7 stones {throwing}.
You open the door.
An orc comes into view. It is wielding a +0 dagger.
You shoot an arrow. The arrow closely misses the orc.
The orc shouts!
You hear a shout! x2
You shoot an arrow. The arrow closely misses the orc.
An orc comes into view. It is wielding a +0 mace.
You shoot an arrow. The arrow hits the orc!
You kill the orc!
An orc comes into view. It is wielding a +0 trident.
You shoot an arrow. The arrow hits the orc!
You kill the orc!
Your Bows skill increases to level 5!
You shoot an arrow. The arrow hits the orc!
You kill the orc!
No target in view!
No target in view!
There is an open door here.
You see here a +0 mace {mace}.
Things that are here:
a +0 trident {polearm}; a +0 ring mail An orc wizard comes into view.
It is wielding a +0 dagger.
The orc wizard shouts!
The orc wizard moves out of view.
You shoot an arrow. The arrow barely misses the orc wizard.
The orc wizard gestures at you while chanting.
The puff of flame hits you!
Ouch! That really hurt!
* * * LOW HITPOINT WARNING * * *
HP[-9]
You take 9 damage, and now have 8/17 hp.
MASSIVE DAMAGE!! (PAUSE)
You are too injured to fight recklessly!
You are too injured to fight recklessly!
You are too injured to fight recklessly!
Shoot: a) +0 shortbow {bow}
Press: ? - help, Q - select action, (/) - cycle Shift-Dir - straight line, f/p - orc wizard
Aim: an orc wizard, wielding a +0 dagger and wearing a +0 robe (55% to hit)
You shoot an arrow. The arrow barely misses the orc wizard.
Shoot: a) +0 shortbow {bow}
Press: ? - help, Q - select action, (/) - cycle Shift-Dir - straight line, f/p - orc wizard
Aim: an orc wizard, wielding a +0 dagger and wearing a +0 robe (55% to hit)
You shoot an arrow. The arrow hits the orc wizard.
Things that are here:
a +0 trident {polearm}; a +0 ring mail You see here a +0 mace {mace}.
HP[+1]
The orc wizard mumbles some strange words.
The orc wizard flickers and vanishes for a moment.
There is an open door here.
You close the door.
An orc wizard breaks down the door.
Shoot: a) +0 shortbow {bow}
Press: ? - help, Q - select action, (/) - cycle Shift-Dir - straight line, f/p - orc wizard
Aim: an orc wizard, wielding a +0 dagger and wearing a +0 robe (lightly wounded, slightly transparent, 55% to hit)
You shoot an arrow. The arrow hits the orc wizard!
The orc wizard casts a spell at you. The magic dart hits you.
* * * LOW HITPOINT WARNING * * *
HP[-5]
You take 5 damage, and now have 4/17 hp.
MASSIVE DAMAGE!! (PAUSE) Shoot: a) +0 shortbow {bow}
Press: ? - help, Q - select action, (/) - cycle Shift-Dir - straight line, f/p - orc wizard
Aim: an orc wizard, wielding a +0 dagger and wearing a +0 robe (severely wounded, slightly transparent, 55% to hit)
You shoot an arrow. The arrow barely misses the orc wizard.
Shoot: a) +0 shortbow {bow}
Press: ? - help, Q - select action, (/) - cycle Shift-Dir - straight line, f/p - orc wizard
Aim: an orc wizard, wielding a +0 dagger and wearing a +0 robe (heavily wounded, slightly transparent, 55% to hit)
You shoot an arrow.
The arrow closely misses the orc wizard.
Shoot: a) +0 shortbow {bow}
Press: ? - help, Q - select action, (/) - cycle Shift-Dir - straight line, f/p - orc wizard
Aim: an orc wizard, wielding a +0 dagger and wearing a +0 robe (heavily wounded, slightly transparent, 55% to hit)
You shoot an arrow.
The arrow closely misses the orc wizard.
Shoot: a) +0 shortbow {bow}
Press: ? - help, Q - select action, (/) - cycle Shift-Dir - straight line, f/p - orc wizard
Aim: an orc wizard, wielding a +0 dagger and wearing a +0 robe (heavily wounded, slightly transparent, 55% to hit)
You shoot an arrow.
The arrow hits the orc wizard but does no damage.
The orc wizard gestures at you while chanting.
The magic dart hits you.
You die...

Skill      XL: |  1  2  3 |
---------------+----------+-----
Bows           | 3 4 5 |  5.0
Fighting       | |  0.7
Dodging        | |  2.6
Spellcasting   | |  1.3
Hexes          | |  3.6

Action                   || total
-------------------------++-------
 Fire: Shortbow          ||    87
 Cast: Slow              ||     1
Armor: Robe              ||     3
Dodge: Dodged            ||    28

Levels and vault maps discovered:
D:1:      dpeg_arrival_more_subterranean_lakeside_camping, layout_rooms,
          serial_shops, nicolae_shop_advertising_works
          [nicolae_subvault_shop_adworks]
D:2:      layout_loops_corners, kennysheep_minor_cross, st_stairs_2,
          minmay_unequal

Notes
Turn   | Place    | Note
-------+----------+-------------------------------------------
     0 | D:1      | zeratav the Spriggan Arcane Marksman began the quest for
                  | the Orb.
     0 | D:1      | Reached XP level 1. HP: 9/9 MP: 3/3
     0 | D:1      | magus.rc [v1.9.6]
    88 | D:1      | Reached skill level 3 in Bows
   129 | D:1      | Reached XP level 2. HP: 14/14 MP: 5/5
   185 | D:1      | HP: 3/14 [gnoll/+0 flail (11)]
   250 | D:1      | Reached skill level 4 in Bows
   704 | D:1      | Reached XP level 3. HP: 17/17 MP: 6/6
   839 | D:1      | Found Tuokkiso's Weapon Shop.
  1419 | D:2      | Reached skill level 5 in Bows
  1448 | D:2      | HP: 4/17 [orc wizard/magic dart (5)]
  1452 | D:2      | Killed from afar by an orc wizard

Vanquished Creatures
  A gnoll (D:1)
  An adder (D:2)
  3 orcs (D:2)
  5 bats
  2 endoplasms
  5 goblins (D:1)
  4 hobgoblins
  3 kobolds (D:1)
  3 ball pythons
  3 frilled lizards
  2 rats
32 creatures vanquished.

Table legend:
 A = Non-vault XP
 B = Vault XP
 C = Vault XP percentage of total XP
 D = Non-vault monster count
 E = Vault monster count
 F = Vault count percentage of total count
                 A         B        C        D         E       F
            +---------+---------+-------+---------+---------+-------
      Total |      78 |       3 |   3.7 |      30 |       2 |   6.2
            +---------+---------+-------+---------+---------+-------
        D:1 |      44 |       0 |   0.0 |      19 |       0 |   0.0
        D:2 |      34 |       3 |   8.1 |      11 |       2 |  15.4
            +---------+---------+-------+---------+---------+-------

Illustrated notes

Table legend:
 A = Kills in this place as a percentage of kills in entire the game.
 B = Kills by you in this place as a percentage of kills by you in the entire game.
 C = Kills by friends in this place as a percentage of kills by friends in the entire game.
 D = Other kills in this place as a percentage of other kills in the entire game.
 E = Experience gained in this place as a percentage of experience gained in the entire game.
 F = Experience gained in this place divided by the number of levels of this place that you have seen.
                   A       B       C       D       E      F
               +-------+-------+-------+-------+-------+----------------------
         Total | 100.0 | 100.0 |   N/A |   N/A | 100.0 |  40.5
       Dungeon | 100.0 | 100.0 |   N/A |   N/A | 100.0 |  40.5
               +-------+-------+-------+-------+-------+----------------------

Table legend: (Time is in decaauts)
 A = Elapsed time spent in this place.
 B = Non-inter-level travel time spent in this place.
 C = Inter-level travel time spent in this place.
 D = Time resting spent in this place.
 E = Time spent auto-exploring this place.
 F = Levels seen in this place.
 G = Mean time per level.
                   A        B        C        D        E       F      G
               +--------+--------+--------+--------+--------+-----+--------+
         Total |   1030 |   1003 |     27 |    208 |    606 |   2 |  515.0 |
       Dungeon |   1030 |   1003 |     27 |    208 |    606 |   2 |  515.0 |
               +--------+--------+--------+--------+--------+-----+--------+

Top non-repeatable levels by time:
     D:1: 679 daAuts
     D:2: 351 daAuts
